 Dungeon Crawl Stone Soup version 0.21.1-1-g345015fe64 (webtiles) character file.

260 Gargoyl the Skirmisher (level 5, 0/45 HPs)
             Began as a Centaur Abyssal Knight on Apr 21, 2018.
             Was a Believer of Lugonu.
             Slain by a hound (2 damage)
             ... on level 5 of the Dungeon.
             The game lasted 00:06:22 (4029 turns).

Gargoyl the Skirmisher (Centaur Abyssal Knight)     Turns: 4029, Time: 00:06:23

Health: 0/45       AC: 11    Str: 15      XL:     5   Next: 95%
Magic:  7/7        EV:  4    Int: 16      God:    Lugonu [**....]
Gold:   180        SH:  0    Dex:  7 (9)  Spells: 4/4 levels left

rFire    . . .     SeeInvis .   n - +2 hand axe (flame)
rCold    . . .     Gourm    .   (no shield)
rNeg     . . .     Faith    .   m - +0 chain mail
rPois    .         Spirit   .   d - +1 helmet
rElec    .         Reflect  .   (no cloak)
rCorr    .         Harm     .   o - +0 pair of gloves
MR       .....                  (no barding)
Stlth    ..........             (no amulet)
HPRegen  0.15/turn              (no ring)
MPRegen  0.10/turn              (no ring)

@: brilliant, lethally poisoned (0 -> 0), very quick
A: large, hooves 3, deformed body, speed 2, tough skin 3
a: Depart the Abyss, Bend Space, Renounce Religion


You were on level 5 of the Dungeon.
You worshipped Lugonu.
Lugonu was pleased with you.
You were not hungry.

You visited 1 branch of the dungeon, and saw 5 of its levels.
You visited the Abyss 1 time.

You collected 180 gold pieces.

Inventory:

Hand Weapons
 a - a +1 hand axe
 n - a +2 hand axe of flaming (weapon)
Armour
 d - a +1 helmet (worn)
 m - a +0 chain mail (worn)
 o - a +0 pair of gloves (worn)
Wands
 e - a wand of disintegration (1)
Scrolls
 f - a scroll of identify
 g - a scroll of fear {unknown}
 i - 3 scrolls of amnesia
Potions
 b - 2 potions of might
 h - 2 potions of degeneration
Comestibles
 c - 3 rations


   Skills:
 + Level 3.6 Fighting
 + Level 3.4 Axes
 * Level 2.7 Armour
 + Level 1.2 Dodging
 * Level 3.4 Invocations


You had 4 spell levels left.
You didn't know any spells.

Dungeon Overview and Level Annotations

Branches:
Dungeon (5/15)
 Temple: D:4-7

Altars:
Elyvilon
Fedhas
Wu Jian

Shops:
D:4 [

Annotations:
D:4 matti1234's ghost, amateur FoAM


Innate Abilities, Weirdness & Mutations

You have hooves in place of feet.
Armour fits poorly on your strangely shaped body.
You cover ground very quickly.
You have extremely tough skin. (AC +3)


Message History

You feel sick.
Unknown command.
Aiming: Disintegrate
Press: ? - help, Shift-Dir - straight line, f/p - orc priest
Aim: an orc priest, wielding a club (chance to defeat MR: 65%)
The orc priest is blasted.
The hound bites you but does no damage.
Unknown command.
The orc priest hits you but does no damage.
You see here a chunk of flesh.
Unknown command.
You hit the orc priest. You burn the orc priest.
The orc priest is almost dead.
You miss the hound. The hound bites you but does no damage.
The orc priest hits you but does no damage.
The hound bites you but does no damage.
A howler monkey skeleton comes into view.
Your chain mail prevents you from hitting the orc priest.
The orc priest is almost dead.
You hit the hound. You burn the hound.
You feel sick. The hound bites you.
You die...

# ...
########...#
##...........
#%.o@h.......
#))#######.##
#Z #


You could see a hound, an orc priest and a howler monkey skeleton.

Vanquished Creatures
  An orc wizard (D:5)
  Ijyb (D:4)
  Robin (D:4)
  4 gnolls
  6 adders
  An ooze (D:3)
  An adder skeleton (D:2)
  2 dart slugs (D:3)
  A leopard gecko (D:3)
  5 orcs
  5 giant cockroaches
  12 goblins
  12 hobgoblins
  3 jackals (D:1)
  11 kobolds
  2 quokkas
  A ball python skeleton (D:4)
  10 bats
  2 frilled lizards
  9 rats
  A bush (D:3)
91 creatures vanquished.

Notes
Turn   | Place    | Note
-------+----------+-------------------------------------------
     0 | Abyss:1  | Gargoyl the Centaur Abyssal Knight began the quest for the Orb.
     0 | Abyss:1  | Reached XP level 1. HP: 19/19 MP: 2/2
    31 | Abyss:1  | Found a corrupted altar of Lugonu.
    94 | Abyss:1  | Noticed a wretched star
    95 | D:1      | Escaped the Abyss
   673 | D:1      | Reached XP level 2. HP: 26/26 MP: 3/3
   790 | D:1      | Reached * piety under Lugonu
  1367 | D:1      | Reached XP level 3. HP: 30/31 MP: 4/4
  1512 | D:2      | Found an ornate altar of the Wu Jian Council.
  2075 | D:2      | Found a blossoming altar of Fedhas.
  2080 | D:2      | Found a white marble altar of Elyvilon.
  2244 | D:2      | Reached skill level 1 in Dodging
  2615 | D:3      | Reached ** piety under Lugonu
  2615 | D:3      | Reached XP level 4. HP: 31/38 MP: 6/6
  3121 | D:3      | Reached XP level 5. HP: 43/45 MP: 7/7
  3605 | D:4      | Noticed Ijyb
  3621 | D:4      | Killed Ijyb
  3813 | D:4      | Found Jimidghu's Antique Armour Shop.
  3819 | D:4      | Noticed a phantom
  3837 | D:4      | Noticed matti1234's ghost (amateur FoAM)
  3981 | D:4      | Noticed Robin
  3998 | D:4      | Killed Robin
  4017 | D:5      | Entered Level 5 of the Dungeon
  4029 | D:5      | HP: 2/45 [poisoned by a worker ant]
  4029 | D:5      | Slain by a hound

Skill      XL: |  1  2  3  4  5 |
---------------+----------------+-----
Axes           | 2 3 |  3.4
Armour         | 2 |  2.7
Dodging        | 1 |  1.2
Invocations    | 3 |  3.4
Fighting       | |  3.6

Action                   |  1- 3 |  4- 6 || total
-------------------------+-------+-------++-------
Melee: Hand axe          |   105 |   171 ||   276
       Kick              |    13 |    50 ||    63
Invok: Depart the Abyss  |     1 |       ||     1
       Bend Space        |       |     1 ||     1
Evoke: Wand              |       |     6 ||     6
  Use: Scroll            |     3 |     4 ||     7
       Potion            |     1 |     6 ||     7
  Eat: Chunk             |     3 |     5 ||     8
Armor: Leather armour    |     9 |       ||     9
       Ring mail         |   108 |     1 ||   109
       Chain mail        |       |   132 ||   132
Dodge: Dodged            |    78 |    36 ||   114
